[Event "Early-Titled-Tuesday-Blitz-September-05-2023"]
[Site "Chess.com"]
[Date "2023.09.05"]
[Round "1"]
[White "borocotoajua"]
[Black "TigranHH"]
[Result "1-0"]
[WhiteElo "2598"]
[BlackElo "2244"]
[TimeControl "180+1"]
[EndTime "8:06:38 PDT"]
[Termination "borocotoajua won by resignation"]

1. d4 Nf6 2. Nf3 e6 3. c4 d5 4.
g3 Bb4+ 5. Bd2 Be7 6. Bg2 O-O 7. Nc3 c6 8. O-O b6 9. Ne5 Bb7 10. Bf4 Nbd7 11. Qc2 Nh5 12. Be3 Nhf6 13. Rad1 Bd6 14. Bf4 Qe7 15. cxd5 exd5 16. Qf5 Rfe8 17. Nd3 Ne4 18.
Rfe1 Bb4 19. Rc1 g6 20. Qg4 Ndf6 21. Qf3 Rad8 22. Ne5 Bd6 23. h4 Nh5 24. Bh6 Bxe5 25. dxe5 Qxe5 26. Nxe4 dxe4 27. Qa3 e3 28. Qxe3 Qxe3 29.
Bxe3 Nxg3 30. Bg5 Nxe2+ 31. Rxe2 Rxe2 32. Bxd8 Rxb2 33. Bf6 Rxa2 34. Rd1 1-0

[Event "Early-Titled-Tuesday-Blitz-September-05-2023"]
[Site "Chess.com"]
[Date "2023.09.05"]
[Round "1"]
[White "Ginger_GM"]
[Black "WiktoriaPOL"]
[Result "1-0"]
[WhiteElo "2613"]
[BlackElo "2286"]
[TimeControl "180+1"]
[EndTime "8:06:40 PDT"]
[Termination "Ginger_GM won by resignation"]

1. d4 Nf6 2. Nf3 g6 3. Nc3 d5 4. Bf4 Bg7 5. e3 O-O 6. Be2 c5 7. dxc5 Nc6 8. O-O Re8 9. Ne5 e6 10. Nxc6 bxc6 11. Be5 Nd7 12. Bxg7 Kxg7 13. b4 e5 14. a3 Qg5 15. Qd2 e4 16. f4 exf3 17. Rxf3 Ne5 18. Rg3 Qh6 19. Rf1 Bf5 20. Bd3 Be6 21. Be2 Re7 22. Qd4 Rae8 23. Qxe5+ Kg8 24. Qf4 Qxf4 25. Rxf4 Bd7 26. Kf2 f5 27. h4 Kf7 28.
Bd3 Kf6 29. Ne2 h6 30. Nd4 g5 31. hxg5+ hxg5 32. Rxf5+ Bxf5 33. Nxf5 Re5 34. Nd6 Rh8 35.
Rf3+ Ke6 36. Nf7 g4 37. Rf4 g3+ 38. Kf3 Rf8 39. Nxe5 Rxf4+ 40. exf4 1-0

[Event "Early-Titled-Tuesday-Blitz-September-05-2023"]
[Site "Chess.com"]
[Date "2023.09.05"]
[Round "1"]
[White "guillembaches"]
[Black "Parhamov"]
[Result "0-1"]
[WhiteElo "2495"]
[BlackElo "2920"]
[TimeControl "180+1"]
[EndTime "8:06:44 PDT"]
[Termination "Parhamov won on time"]

1. e4 c5 2. Nf3 d6 3. d4 cxd4 4. Nxd4 Nf6 5. Nc3 a6 6. Be3 e5 7. Nb3 Be6 8. f3 h5 9. Nd5 Nxd5 10.
exd5 Bf5 11. Bd3 Bxd3 12. Qxd3 Nd7 13. O-O-O Rc8 14. Kb1 Qc7 15. g4 g6 16. Rc1 hxg4 17. fxg4 Qc4 18. Qd2 Nf6 19. g5 Nxd5 20. Rhf1 Be7 21. Bg1 Nf4 22. Na5 Qe2 23. Qb4 Qb5 24. Qd2 b6 25. Nb3 Ne6 26. Rce1 Qc6 27. Qf2 O-O 28.
h4 a5 29. a3 a4 30. Nc1 e4 31. c3 d5 32. Qxb6 Qxb6 33. Bxb6 Bxa3 34. Na2 Rb8 35. bxa3 Rxb6+ 36. Nb4 Rc8 37. Kb2 Nc5 38. Rd1 Nd3+ 39.
Kc2 d4 40. Nxd3 Rxc3+ 41. Kd2 Rxd3+ 42. Ke1 Rxd1+ 0-1

[Event "Early-Titled-Tuesday-Blitz-September-05-2023"]
[Site "Chess.com"]
[Date "2023.09.05"]
[Round "1"]
[White "leschebaza"]
[Black "econpower"]
[Result "0-1"]
[WhiteElo "2416"]
[BlackElo "2740"]
[TimeControl "180+1"]
[EndTime "8:06:44 PDT"]
[Termination "econpower won by resignation"]

1. Nf3 g6 2. d4 Bg7 3. c4 d6 4.
Nc3 Nd7 5. e4 e5 6. Be2 Ne7 7.
O-O O-O 8. Re1 c5 9. d5 h6 10.
Nb5 Nf6 11. Nd2 Nh7 12. Rb1 f5 13. b4 b6 14. a4 a5 15. bxc5 bxc5 16. Ba3 Nf6 17.
exf5 gxf5 18. Nf3 Ng6 19. Bf1 Rf7 20. Qc2 e4 21. Nd2 Ng4 22. h3 N4e5 23. f3 exf3 24. Nxf3 Nxf3+ 25. gxf3 Be5 26. Re2 Nf4 27. Rxe5 dxe5 28.
Bxc5 Rg7+ 29. Kh2 Qg5 30. Qf2 e4 31. fxe4 fxe4 32. Be3 Rf7 33. Nd6 Rf8 34. Nxe4 Qe5 35. Ng3 Nxd5 36. Qd2 Nxe3 37. Bd3 Ra7 38. Rb6 Rg7 39.
Rg6 Rxg6 40. Bxg6 Nf1+ 41. Kg2 Qxg3+ 42. Kh1 Nxd2 0-1

[Event "Early-Titled-Tuesday-Blitz-September-05-2023"]
[Site "Chess.com"]
[Date "2023.09.05"]
[Round "1"]
[White "TanitoluwaAps116"]
[Black "Gogolev_Artemy"]
[Result "1-0"]
[WhiteElo "2793"]
[BlackElo "2438"]
[TimeControl "180+1"]
[EndTime "8:06:45 PDT"]
[Termination "TanitoluwaAps116 won by resignation"]

1. e4 c5 2. Nf3 e6 3. c3 d5 4.
exd5 exd5 5. d4 Nc6 6. Bd3 Nf6 7.
O-O c4 8. Bc2 Be7 9. b3 O-O 10.
bxc4 dxc4 11. Nbd2 b5 12. a4 b4 13. Nxc4 Ba6 14.
Bd3 bxc3 15. Be3 Nb4 16. Rc1 Rc8 17. Rxc3 Nfd5 18. Rc1 Nxd3 19. Qxd3 Nb6 20. Nfe5 f6 21. Qf5 Qd5 22. Nxb6 axb6 23. Qd7 Qxd7 24. Nxd7 Bxf1 25. Nxf8 Rxc1 26. Bxc1 Bc4 27. Nd7 Bd8 28. Nb8 Bb3 29. Nc6 Bc7 30. a5 bxa5 31. Kf1 Bd5 32. Ne7+ Kf7 33. Nxd5 Bd6 34. Nc3 Ke6 35. Ke2 f5 36. g3 h5 37. Kd3 Bb4 38. d5+ Kd6 39.
Bf4+ Kc5 40. d6 a4 41. Nxa4+ Kc6 42. Nb2 Bxd6 43. Bxd6 Kxd6 44. Ke3 Ke5 45. h4 Kd5 46. Kf4 g5+ 47. Kxg5 1-0

[Event "Early-Titled-Tuesday-Blitz-September-05-2023"]
[Site "Chess.com"]
[Date "2023.09.05"]
[Round "1"]
[White "amanjazu"]
[Black "Skatchkov_V"]
[Result "1-0"]
[WhiteElo "2358"]
[BlackElo "2617"]
[TimeControl "180+1"]
[EndTime "8:06:45 PDT"]
[Termination "amanjazu won by checkmate"]

1. f4 d5 2. Nf3 g6 3. g3 Bg7 4. Bg2 Nh6 5. O-O O-O 6. d3 d4 7. c3 Nf5 8. cxd4 Nxd4 9. Nc3 Nbc6 10. Nxd4 Qxd4+ 11. e3 Qd8 12. d4 Bf5 13. d5 Nb4 14. e4 Bd7 15. Be3 c6 16. a3 Na6 17.
e5 cxd5 18. Bxd5 Bc6 19. Bxc6 bxc6 20. Qf3 Qc7 21. Rac1 Rac8 22. Rf2 Rfd8 23. Qe4 c5 24. Nd5 Qd7 25. Rd2 Qe6 26. Rcd1 Kh8 27. Nc3 Rxd2 28. Rxd2 h5 29. Qb7 Rb8 30. Qxa7 h4 31. Bxc5 h3 32. Bf2 Qc6 33. Be1 Rd8 34. Rxd8+ Kh7 35. Qf2 Nc5 36. g4 g5 37. fxg5 Bxe5 38.
Qh4+ Kg6 39. Qh6# 1-0

[Event "Early-Titled-Tuesday-Blitz-September-05-2023"]
[Site "Chess.com"]
[Date "2023.09.05"]
[Round "1"]
[White "JeRoma71"]
[Black "Eloist"]
[Result "1-0"]
[WhiteElo "2801"]
[BlackElo "2440"]
[TimeControl "180+1"]
[EndTime "8:06:46 PDT"]
[Termination "JeRoma71 won on time"]

1. Nf3 Nf6 2. g3 b6 3. Bg2 Bb7 4. O-O e6 5. d3 d5 6. Nbd2 Nbd7 7.
e4 dxe4 8. Ng5 Nc5 9. Ngxe4 Nfxe4 10. Nxe4 Nxe4 11. dxe4 Qxd1 12. Rxd1 f6 13. a4 a5 14. Be3 Rd8 15. Rxd8+ Kxd8 16. Rd1+ Ke8 17. f3 Bc6 18. b3 Bb4 19. Bf1 Ke7 20. Bb5 Bxb5 21.
axb5 h5 22. Kf2 h4 23. g4 Bd6 24. f4 f5 25. gxf5 exf5 26. e5 Bb4 27. h3 Rd8 28. Rg1 Kf7 29. Ke2 Rd5 30. c4 Rd8 31. Rc1 Bc5 32. Bxc5 bxc5 33. Ra1 Ra8 34. Ke3 Ke6 35.
Ra2 g6 36. Ra1 Ra7 37. Kd3 Ra8 38. Kc3 g5 39. fxg5 Kxe5 40. Rd1 Kf4 41. Rd5 Kxg5 42. Rxc5 Kf4 43. Rxc7 Kg3 44. b6 f4 45. c5 f3 46. Rf7 f2 47. b7 Re8 48. c6 Kg2 49.
Rxf2+ Kxf2 50. c7 1-0

[Event "Early-Titled-Tuesday-Blitz-September-05-2023"]
[Site "Chess.com"]
[Date "2023.09.05"]
[Round "1"]
[White "jk13"]
[Black "Dmitry_Konenkin"]
[Result "1-0"]
[WhiteElo "2685"]
[BlackElo "2391"]
[TimeControl "180+1"]
[EndTime "8:06:47 PDT"]
[Termination "jk13 won on time"]

1. e4 d6 2. d4 Nf6 3. Nc3 e5 4. Nf3 Nbd7 5. Bc4 Be7 6. O-O c6 7. a4 Qc7 8. Re1 h6 9. Ba2 Nf8 10. b4 g5 11. b5 Ng6 12. bxc6 bxc6 13. d5 g4 14. Nd2 cxd5 15. Nxd5 Nxd5 16. Bxd5 Bb7 17.
Bxb7 Qxb7 18. Qxg4 Rc8 19. c4 Nf4 20. Nf3 Ne6 21.
Bd2 Rxc4 22. Rab1 Qc8 23. Rec1 Rc7 24. g3 Kd7 25. Qf5 Rc2 26. Rxc2 Qxc2 27. Rb7+ Ke8 28.
Rxa7 Qd1+ 29. Kg2 Rg8 30. Bxh6 Rg6 31. Be3 Rf6 32. Qh5 Bd8 33. Ra8 1-0

[Event "Early-Titled-Tuesday-Blitz-September-05-2023"]
[Site "Chess.com"]
[Date "2023.09.05"]
[Round "1"]
[White "MITerryble"]
[Black "Grossboss19"]
[Result "1-0"]
[WhiteElo "2922"]
[BlackElo "2496"]
[TimeControl "180+1"]
[EndTime "8:06:49 PDT"]
[Termination "MITerryble won by resignation"]

1. e4 c6 2. Nf3 d5 3. exd5 cxd5 4. Ne5 Nc6 5. d4 e6 6. Bb5 Bd7 7. Nxd7 Qxd7 8. c3 Bd6 9. O-O Nf6 10. Nd2 O-O 11.
Re1 a6 12. Bd3 b5 13. Nf3 Qc7 14. Bg5 Nd7 15. a3 Rab8 16. Bh4 h6 17. Bc2 Rbe8 18. a4 b4 19. Qd3 f5 20. Qxa6 g5 21. Bxg5 hxg5 22.
Nxg5 Rf6 23. h4 Nd8 24. a5 Nf7 25. Ba4 Nxg5 26. hxg5 Rg6 27. Qc6 Rd8 28. a6 Nb6 29.
Bb5 Qa7 30. Re3 f4 31. Rh3 Rg7 32. Bd3 bxc3 33. bxc3 Rc7 34. Qb5 Nd7 35. Bh7+ Kg7 36. Qe2 Rh8 37. Qxe6 Qb6 38. Qh6+ Kf7 39. Bg6+ Ke7 40.
Qg7+ Kd8 41. Rxh8+ 1-0

[Event "Early-Titled-Tuesday-Blitz-September-05-2023"]
[Site "Chess.com"]
[Date "2023.09.05"]
[Round "1"]
[White "Zurability"]
[Black "vladoboch"]
[Result "1-0"]
[WhiteElo "2729"]
[BlackElo "2416"]
[TimeControl "180+1"]
[EndTime "8:06:49 PDT"]
[Termination "Zurability won by resignation"]

1. Nf3 c5 2. c4 Nc6 3. Nc3 e5 4.
g3 g6 5. Bg2 Bg7 6. O-O Nge7 7.
Ne1 d6 8. Nc2 Be6 9. Ne3 O-O 10.
Ned5 f5 11. d3 h6 12. f4 Kh7 13. Rb1 a5 14. Bd2 Nb4 15. a3 Nbxd5 16. Nxd5 Nxd5 17. cxd5 Bd7 18. Qc1 b5 19. fxe5 Bxe5 20. Bxh6 Re8 21.
e4 c4 22. dxc4 Rc8 23. b3 a4 24. Bf4 Bd4+ 25. Kh1 axb3 26. Rxb3 bxc4 27. Rb4 Bc5 28. Rb7 fxe4 29. Bg5 Re7 30. Qf4 Qe8 31. Qh4+ Kg8 32.
Bxe7 Bf5 33. Rxf5 gxf5 34. Qg5+ Kh7 35. Bf6+ 1-0

[Event "Early-Titled-Tuesday-Blitz-September-05-2023"]
[Site "Chess.com"]
[Date "2023.09.05"]
[Round "1"]
[White "twofoxniel"]
[Black "FeketeBarika"]
[Result "1-0"]
[WhiteElo "2665"]
[BlackElo "2365"]
[TimeControl "180+1"]
[EndTime "8:06:50 PDT"]
[Termination "twofoxniel won by resignation"]

1. e4 e6 2. d4 d5 3. Nd2 Be7 4. Ngf3 Nf6 5. Bd3 c5 6. dxc5 O-O 7. Qe2 a5 8. O-O Na6 9. exd5 exd5 10. c3 Nxc5 11.
Bc2 Re8 12. h3 Bd6 13. Qd1 Bc7 14. Nb3 Nce4 15. Be3 Qd6 16. Nbd4 Bd7 17. a4 Rad8 18.
Re1 Nh5 19. Bb3 Bxh3 20. gxh3 Qg6+ 21. Kf1 Nhg3+ 22. fxg3 Nxg3+ 23. Kg2 Ne4+ 24. Ng5 Nxg5 25. Qg4 Rxe3 26. Rxe3 h5 27. Qf5 Qh6 28. Rf1 Rf8 29. Bxd5 Qd6 30. Qxg5 Qh2+ 31. Kf3 Qxh3+ 32. Ke2 Qh2+ 33.
Rf2 Qd6 34. Rg2 1-0

[Event "Early-Titled-Tuesday-Blitz-September-05-2023"]
[Site "Chess.com"]
[Date "2023.09.05"]
[Round "1"]
[White "CrushingKings"]
[Black "Hoshka"]
[Result "0-1"]
[WhiteElo "2544"]
[BlackElo "2047"]
[TimeControl "180+1"]
[EndTime "8:06:50 PDT"]
[Termination "Hoshka won on time"]

1. Nf3 d5 2. g3 Nf6 3. Bg2 e6 4. O-O Be7 5. c4 O-O 6. b3 c5 7. cxd5 Nxd5 8. d4 Nc6 9. Bb2 Bf6 10. e4 Nc7 11. e5 Be7 12. dxc5 Bxc5 13. Nbd2 Nd5 14.
Ne4 Be7 15. a3 b6 16. Rc1 Bb7 17. Qe2 Qd7 18. Rfd1 Rfd8 19. b4 Qe8 20. h4 h6 21.
Nd6 Bxd6 22. exd6 Rxd6 23. b5 Nce7 24. Qe5 Nf5 25. g4 f6 26. Qh2 e5 27. gxf5 Rad8 28.
a4 Qh5 0-1

[Event "Early-Titled-Tuesday-Blitz-September-05-2023"]
[Site "Chess.com"]
[Date "2023.09.05"]
[Round "1"]
[White "Tsyhanchuk_Stanislav"]
[Black "psychokiller48"]
[Result "0-1"]
[WhiteElo "2403"]
[BlackElo "2706"]
[TimeControl "180+1"]
[EndTime "8:06:51 PDT"]
[Termination "psychokiller48 won by resignation"]

1. c4 e6 2. Nc3 d5 3. cxd5 exd5 4. d4 c6 5. Nf3 Bf5 6. Bg5 Be7 7. Bf4 Nf6 8. e3 O-O 9. Bd3 Bxd3 10. Qxd3 Bd6 11.
O-O Qe7 12. Rab1 a5 13. a3 Nbd7 14. Bxd6 Qxd6 15. b4 axb4 16. axb4 b5 17. Qc2 Ra3 18. h4 Rfa8 19. g3 g6 20. Kg2 Kg7 21. e4 dxe4 22.
Nxe4 Nxe4 23. Qxe4 Nf6 24. Qe5 Qd5 25. Qxd5 Nxd5 26.
Rfc1 Nc3 27. Rb2 Rd8 28. Rbc2 Nd5 29. Rxc6 Nxb4 30. R6c5 Nd3 31. R5c3 b4 32. Rxa3 bxa3 33. Rc3 Ra8 34. Rxd3 a2 35. Rd1 a1=Q 36. Rxa1 Rxa1 37. Kh3 Kf6 38. Kg2 Kf5 39. Kh3 f6 40. Kg2 Ke4 41.
Nd2+ Kd5 42. Nf3 Ra3 43. g4 Ke4 44. Nd2+ Kxd4 45. Nf3+ Ke4 46. Kg3 0-1

[Event "Early-Titled-Tuesday-Blitz-September-05-2023"]
[Site "Chess.com"]
[Date "2023.09.05"]
[Round "1"]
[White "mishanick"]
[Black "Kazmin_Semyon"]
[Result "1-0"]
[WhiteElo "3053"]
[BlackElo "2532"]
[TimeControl "180+1"]
[EndTime "8:06:52 PDT"]
[Termination "mishanick won by resignation"]

1. d4 Nf6 2. c4 g6 3. Nc3 d6 4.
e4 Bg7 5. Bd3 Nc6 6. Nge2 e5 7.
d5 Ne7 8. f3 O-O 9. Be3 a5 10.
Qd2 c6 11. g4 h5 12. h3 Bd7 13. Ng3 h4 14. Nge2 Nh7 15. O-O-O b5 16. dxc6 Nxc6 17. cxb5 Nb4 18. a3 Nxd3+ 19. Qxd3 Qf6 20. Rhf1 Be6 21. Nd5 Qd8 22. Kb1 Nf6 23. Nxf6+ Bxf6 24. Qxd6 Qc8 25.
Nc3 Qc4 26. Nd5 Bg7 27. Qc6 Qe2 28. Qc2 Qxb5 29. Nc7 Qb7 30. Nxe6 fxe6 31. Qc4 Qf7 32. Rf2 Rfc8 33. Qa4 Bf8 34. Qd7 Rc7 35. Qxf7+ Rxf7 36. Ka2 a4 37. Rc1 Ra6 38. Rc8 Kg7 39. Bd2 Bd6 40. Bc3 Kf6 41. f4 Ke7 42. f5 exf5 43. exf5 gxf5 44. gxf5 e4 45. Re2 Rxf5 46. Rxe4+ Kd7 47. Rh8 Bg3 48. Rh7+ Kd6 49. Rh6+ Kd5 50. Rd4+ Kc5 51. Rxa6 1-0

[Event "Early-Titled-Tuesday-Blitz-September-05-2023"]
[Site "Chess.com"]
[Date "2023.09.05"]
[Round "1"]
[White "cthulhuuu"]
[Black "KNVB"]
[Result "1-0"]
[WhiteElo "2460"]
[BlackElo "2792"]
[TimeControl "180+1"]
[EndTime "8:06:52 PDT"]
[Termination "cthulhuuu won by checkmate"]

1. e4 b6 2. g3 Bb7 3. Bg2 e6 4.
d3 d5 5. Nd2 c5 6. Ngf3 Nf6 7.
O-O dxe4 8. dxe4 Nxe4 9. Ng5 Nd6 10. Bxb7 Nxb7 11. Nxf7 Kxf7 12. Qf3+ Kg8 13. Qxb7 Qd5 14. Qc7 Na6 15. Qf4 Bd6 16. Qa4 Nb4 17. Nc4 Bc7 18. Ne3 Qc6 19. Qb3 Kf7 20. Bd2 Nd5 21. c4 Nxe3 22.
Qxe3 Rhe8 23. f4 Rad8 24. Bc3 Qd7 25. Qf3 Qd3 26. Qc6 Re7 27. Rae1 Qxc4 28. f5 e5 29. f6 Red7 30. fxg7+ Kg8 31. Rf8+ Kxg7 32. Qf6# 1-0

[Event "Early-Titled-Tuesday-Blitz-September-05-2023"]
[Site "Chess.com"]
[Date "2023.09.05"]
[Round "1"]
[White "benny_aizenberg"]
[Black "the_drake"]
[Result "1-0"]
[WhiteElo "2672"]
[BlackElo "2374"]
[TimeControl "180+1"]
[EndTime "8:06:52 PDT"]
[Termination "benny_aizenberg won by resignation"]

1. g4 d5 2. g5 e5 3. h4 h6 4. d3 Be7 5. Nf3 Nc6 6. Bg2 Bg4 7. Nc3 hxg5 8. hxg5 Rxh1+ 9. Bxh1 Bxf3 10. Bxf3 Bxg5 11. Bxd5 Bxc1 12. Qxc1 Qh4 13. Qe3 Nge7 14.
Bxc6+ Nxc6 15. O-O-O O-O-O 16. Qf3 f6 17. Rh1 Qg5+ 18. e3 Kb8 19. Ne4 Qg6 20. Nc5 Qf7 21.
Kb1 Qd5 22. Qxd5 Rxd5 23. Rh8+ Rd8 24. Rh7 Rg8 25. Ne6 g6 26. Nxc7 Nd8 27. Nd5 Ne6 28.
Nxf6 Rf8 29. Nd7+ Kc8 30. Nxf8 Nxf8 31. Rh8 Kd7 32. Rxf8 1-0

[Event "Early-Titled-Tuesday-Blitz-September-05-2023"]
[Site "Chess.com"]
[Date "2023.09.05"]
[Round "1"]
[White "nihalsarin"]
[Black "Speshka"]
[Result "1-0"]
[WhiteElo "3140"]
[BlackElo "2550"]
[TimeControl "180+1"]
[EndTime "8:06:53 PDT"]
[Termination "nihalsarin won by resignation"]

1. e4 c5 2. Nf3 a6 3. d4 cxd4 4.
Nxd4 e5 5. Nf3 Nf6 6. c4 Nxe4 7. Be2 Nc6 8. O-O Bc5 9. Nc3 Nxc3 10. bxc3 O-O 11.
Ng5 h6 12. Ne4 Be7 13. c5 b6 14. cxb6 d5 15. Ng3 Be6 16. Rb1 Rb8 17. Bxa6 Rxb6 18.
Rxb6 Qxb6 19. Bd3 e4 20. Bc2 Ne5 21. Bf4 Nc4 22. Bb3 Nb2 23. Qh5 Nd3 24. Be3 Bc5 25. Bxc5 Qxc5 26. Ne2 Rc8 27. h3 Qd6 28. f4 f5 29. Nd4 Bf7 30. Qh4 Rxc3 31. Nxf5 Qc5+ 32. Kh2 Rc1 33. Qg3 g6 34. Rxc1 Qxc1 35. Nxh6+ Kg7 36. Nxf7 Kxf7 37. Bxd5+ Kg7 38. Bxe4 Nxf4 39. a4 Ne2 40. Qxg6+ Kf8 41. Qf6+ Kg8 42. Bd5+ Kh7 43. Qe7+ Kh6 44. Qxe2 Qf4+ 45. g3 Qd4 46. Qa2 Qe3 47.
a5 1-0

[Event "Early-Titled-Tuesday-Blitz-September-05-2023"]
[Site "Chess.com"]
[Date "2023.09.05"]
[Round "1"]
[White "aghasiyevkamal"]
[Black "OparinGrigoriy"]
[Result "0-1"]
[WhiteElo "2522"]
[BlackElo "2984"]
[TimeControl "180+1"]
[EndTime "8:06:53 PDT"]
[Termination "OparinGrigoriy won on time"]

1. d4 Nf6 2. Bf4 d5 3. e3 e6 4. Nd2 h6 5. Bd3 c5 6. c3 Nc6 7. h3 Bd6 8. Bxd6 Qxd6 9. f4 cxd4 10. cxd4 Bd7 11. Ngf3 Nb4 12. Be2 Rc8 13. Kf2 Ne4+ 14. Nxe4 dxe4 15. Ne5 O-O 16. a3 Nd5 17. Bc4 f6 18.
Nxd7 Qxd7 19. Bxd5 Qxd5 20. Rc1 b6 21. Re1 Rc4 22.
Rxc4 Qxc4 23. Qg4 f5 24. Qg6 Rc8 25. Re2 Qd5 26. g4 Qd7 27. Qh5 Rc1 28. Qh4 Qc7 29. Qh5 Rh1 30. gxf5 exf5 31. Qxf5 Rh2+ 32. Kg3 Rxe2 0-1

[Event "Early-Titled-Tuesday-Blitz-September-05-2023"]
[Site "Chess.com"]
[Date "2023.09.05"]
[Round "1"]
[White "Haykoooo0o"]
[Black "baki83"]
[Result "0-1"]
[WhiteElo "2463"]
[BlackElo "2828"]
[TimeControl "180+1"]
[EndTime "8:06:55 PDT"]
[Termination "baki83 won on time"]

1. d4 d5 2. Nf3 Nf6 3. Bf4 Bf5 4. e3 e6 5. c4 Bxb1 6. Rxb1 Bb4+ 7. Ke2 dxc4 8. Qc2 b5 9. b3 Nd5 10. Ne5 f6 11. bxc4 Nc3+ 12. Kf3 Nxb1 13. Nd3 Nd2+ 14. Ke2 Ba5 15. cxb5 Ne4 16. f3 Nd6 17. Nc5 Qe7 18. Kf2 Bb6 19. h4 e5 20. dxe5 Bxc5 21. exd6 Bxd6 22. Bxd6 cxd6 23. Bc4 Nd7 24. Bd5 Rd8 25.
h5 Nc5 26. h6 g6 27. Rh4 f5 28. Rd4 Qf6 29. Bc6+ Ke7 30. Rd5 Qh4+ 31. Ke2 Qb4 32. Kf2 Rhf8 33. Rd4 Qa5 34. Qb2 Rf6 35. Rd5 Rdf8 0-1

[Event "Early-Titled-Tuesday-Blitz-September-05-2023"]
[Site "Chess.com"]
[Date "2023.09.05"]
[Round "1"]
[White "mamey78"]
[Black "expii"]
[Result "1-0"]
[WhiteElo "2603"]
[BlackElo "2240"]
[TimeControl "180+1"]
[EndTime "8:06:55 PDT"]
[Termination "mamey78 won by checkmate"]

1. e4 c5 2. Nf3 d6 3. d4 cxd4 4.
Nxd4 Nf6 5. Nc3 g6 6. Be3 Bg7 7. f3 O-O 8. Qd2 Nc6 9. Bc4 Bd7 10. h4 h5 11. O-O-O Rc8 12. Bb3 Ne5 13. Kb1 a6 14. g4 b5 15. Nd5 Nxd5 16. Bxd5 e6 17. Bb3 a5 18. a3 b4 19. a4 hxg4 20. h5 Nc4 21. Bxc4 Rxc4 22. hxg6 fxg6 23. Qh2 Qf6 24.
f4 Bxa4 25. e5 dxe5 26. fxe5 Qxe5 27. Qh7+ Kf7 28. Rhf1+ Ke7 29. Bg5+ Ke8 30. Qxg6+ Kd7 31. Nf3+ Kc7 32. Nxe5 Bxc2+ 33. Qxc2 Rxc2 34. Rxf8 Rxb2+ 35. Kxb2 Bxf8 36. Rd7+ Kb6 37. Be3+ Bc5 38. Rd6+ Kb5 39. Bxc5 Kxc5 40. Rxe6 Kd5 41. Re8 a4 42. Nxg4 Kc4 43.
Ne3+ Kb5 44. Re5+ Kb6 45. Nc4+ Kc6 46. Kc2 Kc7 47. Ra5 Kc6 48. Rxa4 Kb7 49. Kb3 Kc7 50. Rxb4 Kc6 51. Rb6+ Kc7 52. Kb4 Kd7 53. Kc5 Kc7 54. Rg6 Kd7 55. Rd6+ Ke7 56. Kd5 Kf7 57. Re6 Kg7 58.
Ke5 Kf7 59. Nd6+ Kf8 60. Kf6 Kg8 61. Kg6 Kh8 62. Re8# 1-0

[Event "Early-Titled-Tuesday-Blitz-September-05-2023"]
[Site "Chess.com"]
[Date "2023.09.05"]
[Round "1"]
[White "Karttunen"]
[Black "Witty_Alien"]
[Result "1-0"]
[WhiteElo "2582"]
[BlackElo "2198"]
[TimeControl "180+1"]
[EndTime "8:06:55 PDT"]
[Termination "Karttunen won by resignation"]

1. Nf3 Nf6 2. d4 d5 3. c4 c6 4.
Nc3 e6 5. Bg5 dxc4 6. e4 b5 7.
e5 h6 8. Bh4 g5 9. Nxg5 hxg5 10. Bxg5 Nbd7 11. exf6 Bb7 12. g3 b4 13. Ne4 c5 14. Bg2 cxd4 15. Qxd4 Nc5 16. Qxc4 Nd3+ 17. Ke2 Ne5 18. Qb5+ Nc6 19. Rhd1 Qc7 20. Rac1 Rc8 21.
Kf1 Rh5 22. h4 Rxg5 23. hxg5 b3 24. axb3 a6 25. Qd3 Bb4 26. Kg1 a5 27. Nd6+ Bxd6 28.
Qxd6 Qxd6 29. Rxd6 Rb8 30. Bxc6+ 1-0

[Event "Early-Titled-Tuesday-Blitz-September-05-2023"]
[Site "Chess.com"]
[Date "2023.09.05"]
[Round "1"]
[White "Just_Lucky_1"]
[Black "Rsnr"]
[Result "1-0"]
[WhiteElo "2512"]
[BlackElo "2905"]
[TimeControl "180+1"]
[EndTime "8:06:58 PDT"]
[Termination "Just_Lucky_1 won by resignation"]

1. e4 c6 2. d4 d5 3. e5 Bf5 4. h4 Qb6 5. g4 Bd7 6. Nc3 e6 7. h5 c5 8. Nge2 cxd4 9. Nxd4 Nc6 10. Nxc6 bxc6 11. f4 Nh6 12. Bh3 Bc5 13. g5 Nf5 14. Bxf5 exf5 15. Na4 Qa5+ 16. c3 Be7 17. b4 Qb5 18. Be3 h6 19. g6 fxg6 20. hxg6 O-O 21. Bc5 Rae8 22. Qd4 a5 23. Bxe7 Rxe7 24. Nc5 Be8 25.
Rg1 Rf6 26. a4 Qb6 27. Nb3 Qb8 28. Nxa5 Bxg6 29. Kd2 Rfe6 30. Nb3 Bh5 31. Nc5 Rg6 32. Rxg6 Bxg6 33. Rg1 Bh5 34. Qd3 Bg4 35. a5 g5 36.
a6 gxf4 37. Qxf5 1-0

[Event "Early-Titled-Tuesday-Blitz-September-05-2023"]
[Site "Chess.com"]
[Date "2023.09.05"]
[Round "1"]
[White "Chopper1905"]
[Black "Sjakkerntobi"]
[Result "1-0"]
[WhiteElo "2868"]
[BlackElo "2478"]
[TimeControl "180+1"]
[EndTime "8:06:58 PDT"]
[Termination "Chopper1905 won by checkmate"]

1. d4 Nf6 2. c4 c5 3. d5 e6 4. Nc3 exd5 5. cxd5 d6 6. Nf3 g6 7. Nd2 Bg7 8. e4 O-O 9. Be2 Re8 10. O-O Nbd7 11.
a4 Ne5 12. h3 g5 13. Re1 a6 14. Nf1 h6 15. Ng3 Rb8 16. Qc2 Bd7 17. a5 Ng6 18.
Nd1 Bb5 19. Ne3 Bxe2 20. Rxe2 Nf4 21. Re1 Nd7 22. Ngf5 Ne5 23. Ra3 b5 24. axb6 Rxb6 25. Bd2 Kh7 26. Ba5 Bf6 27. Rb3 Rxb3 28. Bxd8 Rxb2 29.
Qxb2 Nf3+ 30. gxf3 Bxb2 31. Bc7 Nxh3+ 32. Kf1 Nf4 33. Nc4 Bc3 34. Rc1 Bf6 35. Ncxd6 Rf8 36. Rxc5 h5 37. Rc6 Be5 38. Nxf7 Bxc7 39. Rxc7 Kg6 40. Ne5+ Kf6 41. Nd7+ Kg6 42. Nxf8+ Kf6 43. Nd7+ Kg6 44. Rc6+ Kf7 45. Ne5+ Ke8 46. Rc8# 1-0

[Event "Early-Titled-Tuesday-Blitz-September-05-2023"]
[Site "Chess.com"]
[Date "2023.09.05"]
[Round "1"]
[White "stasOR4ik"]
[Black "Rikikits"]
[Result "0-1"]
[WhiteElo "2474"]
[BlackElo "2859"]
[TimeControl "180+1"]
[EndTime "8:06:59 PDT"]
[Termination "Rikikits won on time"]

1. c4 Nc6 2. Nc3 e5 3. g3 g6 4. Bg2 Bg7 5. e4 Nge7 6. h4 h6 7. d3 d6 8. Be3 Nd4 9. Qd2 c6 10. Nce2 Be6 11. Nxd4 exd4 12. Bf4 d5 13. exd5 cxd5 14.
c5 Nf5 15. Ne2 O-O 16. O-O-O h5 17. Kb1 Rc8 18. Rc1 Re8 19. Bf3 Qe7 20. Bg5 f6 21.
Bf4 Rxc5 22. Rxc5 Qxc5 23. g4 hxg4 24. Bxg4 Kh7 25. Rc1 Qb6 26. Bxf5 Bxf5 27. Ng3 Qe6 28. a3 Rc8 29. Rxc8 Qxc8 30. h5 g5 31. Bd6 b6 32. Ka2 Qe6 33. Nxf5 Qxf5 34. Qe2 Qd7 35. Bb8 f5 36. Be5 Qe6 37. f4 gxf4 38. Qg2 Bxe5 39.
Qg5 Qf6 40. Qg2 Qf7 41. Qh3 Kh6 42. a4 Qxh5 43. Qg2 f3 44. Qg8 f2 45. Qf8+ Kg5 46. Qe7+ Kf4 0-1

[Event "Early-Titled-Tuesday-Blitz-September-05-2023"]
[Site "Chess.com"]
[Date "2023.09.05"]
[Round "1"]
[White "LeoWin2012"]
[Black "Mikhail_Golubev"]
[Result "0-1"]
[WhiteElo "2240"]
[BlackElo "2595"]
[TimeControl "180+1"]
[EndTime "8:07:00 PDT"]
[Termination "Mikhail_Golubev won by checkmate"]

1. e4 c5 2. Nf3 d6 3. d4 Nf6 4. Nc3 cxd4 5. Nxd4 Nc6 6. Be3 Ng4 7. Bg5 Qb6 8. Bb5 Bd7 9. Bxc6 bxc6 10. f3 Qxb2 11. Na4 Qb4+ 12. c3 Qa5 13. fxg4 Qxg5 14. O-O Qe3+ 15.
Kh1 e6 16. Rf3 Qxe4 17. Qf1 Qg6 18. Nb2 Be7 19. h3 O-O 20. Re1 c5 21. Ne2 Bc6 22.
Nf4 Qh6 23. Rf2 Bg5 24. Nfd3 Qxh3+ 25. Kg1 Qh6 26. Nd1 Rab8 27. Qe2 Rb1 28. Ref1 Rxd1 29. Rxd1 Be3 30. Rf1 Bxf2+ 31. Qxf2 Qg5 32. Nf4 Qxg4 33. Qe3 e5 34. Ne2 Qxg2# 0-1